 Dungeon Crawl Stone Soup version 0.30-a0-165-g1891117ce2 (webtiles) character file.

Game seed: 15524127828651574627

34577 qw the Cleaver (level 13, -2/82 HPs)
             Began as a Gargoyle Fighter on Sept 28, 2022.
             Was a High Priest of Okawaru.
             Killed from afar by an oklob plant (16 damage)
             ... with a splash of acid
             ... on level 3 of the Lair of Beasts.
             The game lasted 00:06:36 (13185 turns).

qw the Cleaver (Gargoyle Fighter)                  Turns: 13185, Time: 00:06:36

Health: -2/82      AC: 18    Str: 31    XL:     13   Next: 78%
Magic:  14/20      EV: 12    Int:  4    God:    Okawaru [*****.]
Gold:   1144       SH: 12    Dex:  9    Spells: 12/12 levels left

rFire   + . .      SeeInvis +    Y - +4 war axe (flame)
rCold   x x .      Faith    .    w - +0 kite shield
rNeg    + . .      Spirit   .    f - +2 ring mail of Supple Strength {Regen+ Int-5 Slay+5 SInv}
rPois   inf        Reflect  .    j - +1 hat
rElec   +          Harm     .    h - +1 cloak
rCorr   .          Rampage  .    m - +1 pair of gloves
Will    +....                    l - +0 pair of boots
Stlth   ++........               z - amulet of regeneration
HPRegen 1.83/turn                x - ring "Tiokamac" {rC- Will+ Str+6}
MPRegen 0.17/turn                e - ring of fire

@: about to teleport, heroic, finesse-ful, corroded
A: sickness immunity, AC +9, negative energy resistance 1, electricity
resistance, torment resistance 1, petrification resistance
a: Renounce Religion, Heroism, Finesse, Duel


You were on level 3 of the Lair of Beasts.
You worshipped Okawaru.
Okawaru was extremely pleased with you.
You visited 2 branches of the dungeon, and saw 15 of its levels.
You also visited: Ossuary and Gauntlet.

You collected 1144 gold pieces.


Innate Abilities, Weirdness & Mutations

You are immune to sickness and miasma.
Your stone body is resilient. (AC +9)
You are immune to poison.
You resist negative energy. (rN+)
You are resistant to electric shocks. (rElec)
You are resistant to unholy torment.
You are immune to petrification.


   Skills:
 + Level 10.2(15.2) Fighting
 - Level 14.0(19.0) Axes
 - Level 5.0(10.0) Throwing
 - Level 6.0(11.0) Armour
 - Level 3.0(8.0) Dodging
 - Level 11.1(16.1) Shields
 - Level 10.1 Invocations


You had 12 spell levels left.
You didn't know any spells.
Your spell library was empty.

Inventory:

Hand Weapons
 Y - a +4 war axe of flaming (weapon)
Missiles
 p - 7 boomerangs
 E - 2 javelins (quivered)
Armour
 b - a +1 chain mail of cold resistance
 f - the +2 ring mail of Supple Strength (worn) {Regen+ Int-5 Slay+5 SInv}
   (You found it on level 5 of the Dungeon)

   Int:       It affects your intelligence (-5).
   Slay:      It affects your accuracy & damage with ranged weapons and melee
   (+5).
   SInv:      It lets you see invisible.
   Regen:     It increases your rate of health regeneration.
 g - a +0 chain mail of fire resistance
 h - a +1 cloak (worn)
 j - a +1 hat (worn)
 l - a +0 pair of boots (worn)
 m - a +1 pair of gloves (worn)
 u - the +2 leather armour of the Hall of Blades {Regen+ rCorr}
   (You found it on level 9 of the Dungeon)

   Regen:     It increases your rate of health regeneration.
   rCorr:     It protects you from acid and corrosion.
 w - a +0 kite shield (worn)
 D - the +1 leather armour of Tender Moments {+Inv rF+ rCorr Slay+2}
   (You found it in a Gauntlet)

   Slay:      It affects your accuracy & damage with ranged weapons and melee
   (+2).
   rF:        It protects you from fire.
   +Inv:      It lets you turn invisible.
   rCorr:     It protects you from acid and corrosion.
Jewellery
 e - a ring of fire (right hand)
 k - a ring of positive energy
 x - the ring "Tiokamac" (left hand) {rC- Will+ Str+6}
   (You found it in a Gauntlet)

   [ring of willpower]

   Str:       It affects your strength (+6).
   rC:        It makes you vulnerable to cold.
   Will:      It increases your willpower.
 z - an amulet of regeneration (around neck)
 A - a ring of see invisible
 C - a ring of see invisible
 G - a +6 ring of dexterity
Wands
 y - a wand of digging (11)
Scrolls
 a - 5 scrolls of identify
 i - 5 scrolls of teleportation
Potions
 c - 2 potions of heal wounds
 d - 2 potions of might
 n - 3 potions of haste
 o - 5 potions of mutation
 q - 6 potions of curing
 r - 5 potions of resistance
 s - a potion of magic
 t - 3 potions of attraction
 v - a potion of lignification
 B - 2 potions of cancellation

Dungeon Overview and Level Annotations

Branches:
Dungeon (12/15)            Temple (0/1) D:7            Lair (3/5) D:11
  Snake (0/4) Lair:2          Orc (0/2) D:11        Ossuary (visited)
Gauntlet (visited)
  Swamp: Lair:2-3    Shoals: Lair:2-3

Altars:
Ashenzari
Cheibriados
Dithmenos
Elyvilon
Fedhas
Gozag
Kikubaaqudgha
Makhleb
Okawaru
Qazlal
Ru
Trog
Uskayaw
Vehumet
Yredelemnul
The Shining One

Shops:
D:2 :   D:5 :   D:6 (

Annotations:
D:3 1 runed translucent door, Crazy Yiuf


Message History

The oklob plant spits acid at you. The splash of acid hits you!
13172 ||| INVOKING Heroism.
You gain the combat prowess of a mighty hero.
The oklob plant spits acid at you. The splash of acid hits you!
The acid corrodes you!
13173 ||| INVOKING Finesse.
You can now deal lightning-fast blows. 2 oklob plants come into view.
Found a wand of flame (10).
An oklob plant comes into view.
Found a cloak.
The oklob plant spits acid at you. The splash of acid hits you!!
The acid corrodes you!
Found 20 gold pieces.
The oklob plant spits acid at you. The splash of acid hits you!
The acid corrodes you! The oklob plant spits acid at you.
The splash of acid hits you but does no damage.
You hit the oklob plant but do no damage.
You slash the oklob plant! You burn the oklob plant.
The oklob plant is moderately damaged.
The oklob plant spits acid at you. The splash of acid hits you!
You slash the oklob plant! You burn the oklob plant.
The oklob plant is moderately damaged.
You slash the oklob plant! You burn the oklob plant.
The oklob plant is heavily damaged.
You hit the oklob plant but do no damage.
The oklob plant is heavily damaged.
The oklob plant spits acid at you. The splash of acid hits you!!
13185 ||| READING 6 scrolls of teleportation.
As you read the scroll of teleportation, it crumbles to dust.
You feel strangely unstable. The oklob plant spits acid at you.
The splash of acid misses you. The oklob plant spits acid at you.
The splash of acid hits you!
You die...

.P.###. #.## # ......
...###.##..#
......... .
.........# #........
......#.####.........
......#...#..........
............#........
.....................
.....................
.......(.....@.......
.?...........P.P....
.....#......P.P.P..$
.....#.../..PPP.P...
....[.......PPP....
..#..............
.................
................


You could see 4 oklob plants.

Vanquished Creatures
  A minotaur (Gauntlet)
  Erolcha (D:9)
  An ogre mage (D:9)
  4 two-headed ogres (D:9)
  6 death yaks (Lair:2)
  A sixfirhy (Gauntlet)
  A deep troll (Lair:1)
  An orc knight (D:11)
  A cyclops (D:8)
  2 ugly things (D:12)
  3 black mambas
  2 gargoyles
  A smoke demon (Gauntlet)
  3 cane toads
  A kobold demonologist (D:9)
  2 rime drakes (Lair:2)
  Maggie (D:6)
  4 komodo dragons
  An unseen horror (D:12)
  11 trolls
  Prince Ribbit (D:6)
  Grinder (D:3)
  A hornet (D:7)
  5 blink frogs (Lair:2)
  2 slime creatures (D:12)
  2 wraiths
  A water elemental (D:11)
  A shadow (D:9)
  3 wyverns
  3 large abominations (Gauntlet)
  2 basilisks (Lair:1)
  12 yaks
  3 steam dragons
  A naga (Lair:2)
  10 wargs (D:9)
  4 vampire mosquitoes (D:11)
  Edmund (D:5)
  9 water moccasins
  Pargi (D:3)
  An ice beast (D:8)
  12 orc warriors
  3 black bears
  A sky beast (D:7)
  2 ogres (D:6)
  2 centaurs
  3 phantoms
  6 small abominations (Gauntlet)
  12 bullfrogs
  3 necrophages (D:6)
  5 kobold brigands
  A scorpion (D:5)
  7 gnoll sergeants
  7 wights
  7 water moccasin zombies (Ossuary)
  15 killer bees
  3 electric eels (D:11)
  4 vampire bats (D:10)
  3 crimson imps (Gauntlet)
  12 howler monkeys
  5 hounds
  13 orc priests
  2 jellies
  11 gnoll boudas
  2 iguanas
  11 orc wizards
  Natasha (thrice) (D:2)
  A hound zombie (D:3)
  2 mummies (Ossuary)
  19 gnolls
  10 adders
  3 shadow imps
  13 white imps
  4 ufetubi (Gauntlet)
  2 adder zombies (Ossuary)
  4 dart slugs
  40 orcs
  10 endoplasms
  2 giant cockroaches
  2 gnoll zombies (Ossuary)
  4 goblins
  7 hobgoblins
  10 jackals
  17 kobolds
  5 quokkas
  8 ball pythons
  A ball python zombie (D:3)
  17 bats
  3 frilled lizards
  3 hobgoblin zombies (Ossuary)
  3 kobold zombies (Ossuary)
  2 orc zombies (Ossuary)
  2 quokka zombies (D:3)
  2 rats
463 creatures vanquished.

Vanquished Creatures (others)
  4 fungi
  13 plants
  4 withered plants (Gauntlet)
21 creatures vanquished.

Grand Total: 484 creatures vanquished

Notes
Turn   | Place    | Note
-------+----------+-------------------------------------------
     0 | D:1      | qw the Gargoyle Fighter began the quest for the Orb.
     0 | D:1      | Reached XP level 1. HP: 14/14 MP: 1/1
     0 | D:1      | 0 ||| qw: Version: 0.2-a-12-gaebbb33
     0 | D:1      | 0 ||| qw: Game counter: 913
     0 | D:1      | 0 ||| qw: Always use a shield: true
     0 | D:1      | 0 ||| qw: God list: Okawaru
     0 | D:1      | 0 ||| qw: Allow faded altars: false
     0 | D:1      | 0 ||| qw: Do Orc after D:15 true
     0 | D:1      | 0 ||| qw: Do second Lair branch before Depths: true
     0 | D:1      | 0 ||| qw: Lair rune preference: random
     0 | D:1      | 0 ||| qw: Plans: Normal, Zot:1-4, God:TSO, Crypt, Tomb,
                  | Pan, Slime:5, Hells, Abyss, Orb
     0 | D:1      | 0 ||| PLANNING D:1-11
    28 | D:1      | Reached skill level 2 in Axes
   130 | D:1      | Reached XP level 2. HP: 18/19 MP: 2/2
   238 | D:1      | 238 ||| Stepping ~*~*~tactically~*~*~ (hiding).
   545 | D:1      | 545 ||| UPGRADING to +1 cloak.
   550 | D:1      | 550 ||| UPGRADING to amulet of guardian spirit.
   555 | D:1      | 555 ||| UPGRADING to ring of positive energy.
   556 | D:1      | 556 ||| UPGRADING to +6 ring of dexterity.
   557 | D:1      | 557 ||| READING 3 scrolls labelled DUGHIREUPH.
   558 | D:1      | 558 ||| READING scroll labelled YCAUTSOYTI.
   561 | D:1      | 561 ||| READING scroll labelled BULERE HEPRUP.
   621 | D:2      | Reached skill level 3 in Axes
   631 | D:2      | Reached XP level 3. HP: 19/23 MP: 3/3
   743 | D:2      | Reached skill level 1 in Dodging
  1026 | D:2      | 1026 ||| Stepping ~*~*~tactically~*~*~ (stealth).
  1059 | D:2      | 1059 ||| FLEEEEING.
  1060 | D:2      | 1060 ||| FLEEEEING.
  1065 | D:2      | 1065 ||| FLEEEEING.
  1066 | D:2      | 1066 ||| FLEEEEING.
  1067 | D:2      | 1067 ||| FLEEEEING.
  1068 | D:2      | 1068 ||| FLEEEEING.
  1069 | D:2      | 1069 ||| FLEEEEING.
  1071 | D:2      | 1071 ||| FLEEEEING.
  1072 | D:2      | 1072 ||| FLEEEEING.
  1073 | D:2      | 1073 ||| FLEEEEING.
  1074 | D:2      | 1074 ||| FLEEEEING.
  1075 | D:2      | 1075 ||| FLEEEEING.
  1076 | D:2      | 1076 ||| FLEEEEING.
  1077 | D:2      | 1077 ||| FLEEEEING.
  1078 | D:2      | 1078 ||| FLEEEEING.
  1079 | D:2      | 1079 ||| FLEEEEING.
  1080 | D:2      | 1080 ||| FLEEEEING.
  1081 | D:2      | 1081 ||| FLEEEEING.
  1082 | D:2      | 1082 ||| FLEEEEING.
  1087 | D:2      | 1087 ||| FLEEEEING.
  1088 | D:2      | 1088 ||| FLEEEEING.
  1089 | D:2      | 1089 ||| FLEEEEING.
  1090 | D:2      | 1090 ||| FLEEEEING.
  1091 | D:2      | 1091 ||| FLEEEEING.
  1092 | D:2      | 1092 ||| FLEEEEING.
  1093 | D:2      | 1093 ||| FLEEEEING.
  1094 | D:2      | 1094 ||| FLEEEEING.
  1095 | D:2      | 1095 ||| FLEEEEING.
  1096 | D:2      | 1096 ||| FLEEEEING.
  1162 | D:2      | Identified the +4 robe "Guor" {rC+}
  1190 | D:2      | Noticed Natasha
  1191 | D:2      | 1191 ||| Stepping ~*~*~tactically~*~*~ (hiding).
  1195 | D:2      | Killed Natasha
  1196 | D:2      | Reached XP level 4. HP: 28/28 MP: 4/4
  1335 | D:2      | Noticed Natasha
  1336 | D:2      | 1336 ||| Stepping ~*~*~tactically~*~*~ (hiding).
  1342 | D:2      | Killed Natasha
  1343 | D:2      | Reached skill level 4 in Axes
  1408 | D:2      | Found Reasa's Book Shop.
  1436 | D:2      | 1436 ||| Stepping ~*~*~tactically~*~*~ (stealth).
  1441 | D:2      | 1441 ||| Stepping ~*~*~tactically~*~*~ (stealth).
  1442 | D:2      | 1442 ||| Stepping ~*~*~tactically~*~*~ (stealth).
  1468 | D:2      | 1468 ||| Stepping ~*~*~tactically~*~*~ (stealth).
  1566 | D:2      | Noticed Natasha
  1571 | D:2      | Killed Natasha
  1572 | D:2      | Reached XP level 5. HP: 32/32 MP: 5/5
  1756 | D:2      | 1756 ||| UPGRADING to +1 hat.
  1761 | D:2      | 1761 ||| UPGRADING to +0 pair of boots.
  1766 | D:2      | 1766 ||| UPGRADING to +0 pair of gloves.
  1771 | D:2      | 1771 ||| READING 2 scrolls of identify.
  1771 | D:2      | 1771 ||| IDENTIFYING viscous sapphire potion
  1814 | D:3      | Noticed Grinder
  1823 | D:3      | Killed Grinder
  1824 | D:3      | Reached skill level 6 in Axes
  1824 | D:3      | Reached XP level 6. HP: 35/37 MP: 4/6
  1861 | D:3      | Found an iron altar of Okawaru.
  1862 | D:3      | 1862 ||| PLANNING OKAWARU WORSHIP
  1862 | D:3      | 1862 ||| READING scroll labelled GIPPUS SOTSU.
  1964 | D:3      | 1964 ||| FLEEEEING.
  1966 | D:3      | 1966 ||| FLEEEEING.
  1967 | D:3      | 1967 ||| FLEEEEING.
  1968 | D:3      | 1968 ||| FLEEEEING.
  1969 | D:3      | 1969 ||| FLEEEEING.
  1970 | D:3      | 1970 ||| FLEEEEING.
  1971 | D:3      | 1971 ||| STAIRDANCE
  1976 | D:3      | 1976 ||| STAIRDANCE
  2010 | D:3      | Became a worshipper of Warmaster Okawaru
  2011 | D:3      | 2011 ||| PLANNING D:1-11
  2011 | D:3      | 2011 ||| REMOVING amulet of guardian spirit.
  2081 | D:3      | 2081 ||| Stepping ~*~*~tactically~*~*~ (stealth).
  2099 | D:3      | 2099 ||| Stepping ~*~*~tactically~*~*~ (hiding).
  2100 | D:3      | 2100 ||| Stepping ~*~*~tactically~*~*~ (hiding).
  2319 | D:3      | Noticed Pargi
  2332 | D:3      | Killed Pargi
  2333 | D:3      | Reached XP level 7. HP: 34/44 MP: 7/7
  2410 | D:3      | 2410 ||| Stepping ~*~*~tactically~*~*~ (hiding).
  2525 | D:3      | 2525 ||| Stepping ~*~*~tactically~*~*~ (stealth).
  2558 | D:3      | Found a faded altar of an unknown god.
  2646 | D:3      | 2646 ||| DROPPING amulet of guardian spirit.
  2647 | D:3      | 2647 ||| READING scroll labelled VEIDUL AMNOPPOI.
  2648 | D:3      | 2648 ||| READING 2 scrolls of identify.
  2648 | D:3      | 2648 ||| IDENTIFYING fuming puce potion
  2649 | D:3      | 2649 ||| Stepping randomly (stuck).
  2649 | D:3      | Found a sacrificial altar of Ru.
  2650 | D:3      | 2650 ||| Stepping randomly (stuck).
  2651 | D:3      | 2651 ||| Stepping randomly (stuck).
  2652 | D:3      | 2652 ||| Stepping randomly (stuck).
  2653 | D:3      | 2653 ||| Stepping randomly (stuck).
  2654 | D:3      | 2654 ||| Stepping randomly (stuck).
  2655 | D:3      | 2655 ||| Stepping randomly (stuck).
  2656 | D:3      | 2656 ||| Stepping randomly (stuck).
  2657 | D:3      | 2657 ||| Stepping randomly (stuck).
  2658 | D:3      | 2658 ||| Stepping randomly (stuck).
  2659 | D:3      | 2659 ||| Stepping randomly (stuck).
  2660 | D:3      | 2660 ||| Stepping randomly (stuck).
  2661 | D:3      | 2661 ||| Stepping randomly (stuck).
  2662 | D:3      | 2662 ||| Stepping randomly (stuck).
  2663 | D:3      | 2663 ||| Stepping randomly (stuck).
  2664 | D:3      | 2664 ||| Stepping randomly (stuck).
  2665 | D:3      | 2665 ||| Stepping randomly (stuck).
  2666 | D:3      | 2666 ||| Stepping randomly (stuck).
  2667 | D:3      | 2667 ||| Stepping randomly (stuck).
  2699 | D:3      | 2699 ||| Stepping ~*~*~tactically~*~*~ (hiding).
  2870 | D:3      | Found a basalt altar of Yredelemnul.
  3037 | D:3      | Found a glowing golden altar of the Shining One.
  3104 | D:3      | Found a runed translucent door.
  3105 | D:3      | Noticed Crazy Yiuf
  3315 | D:4      | 3315 ||| PLANNING OSSUARY
  3316 | D:4      | 3316 ||| STAIRDANCE
  3431 | D:4      | 3431 ||| STAIRDANCE
  3624 | D:4      | 3624 ||| Stepping ~*~*~tactically~*~*~ (stealth).
  3637 | D:4      | Reached skill level 7 in Axes
  3800 | D:4      | 3800 ||| DROPPING +0 mace.
  3920 | D:4      | Found a sand-covered staircase.
  3921 | D:4      | 3921 ||| UPGRADING to +0 plate armour.
  3931 | D:4      | 3931 ||| DROPPING +0 scale mail.
  3932 | D:4      | 3932 ||| DROPPING +4 robe "Guor" {rC+}.
  3933 | D:4      | 3933 ||| READING 3 scrolls labelled HUDOME JAK IHA.
  3934 | D:4      | 3934 ||| READING scroll labelled SOGUTE JUISY.
  3935 | D:4      | 3935 ||| DRINKING 2 glowing black potions.
  3936 | D:4      | 3936 ||| DROPPING 2 scrolls of amnesia.
  3942 | Ossuary  | Entered an ossuary
  4008 | Ossuary  | Reached * piety under Okawaru
  4009 | Ossuary  | Reached XP level 8. HP: 47/49 MP: 8/8
  4014 | Ossuary  | Reached skill level 1 in Invocations
  4053 | Ossuary  | 4053 ||| INVOKING Heroism.
  4124 | Ossuary  | Reached skill level 3 in Invocations
  4199 | Ossuary  | 4199 ||| READING scroll labelled ZUD QADWYMOMUO.
  4200 | Ossuary  | 4200 ||| READING scroll labelled NENGU ZASO.
  4201 | Ossuary  | 4201 ||| READING 3 scrolls of identify.
  4201 | Ossuary  | 4201 ||| IDENTIFYING sedimented red potion
  4202 | Ossuary  | 4202 ||| READING 2 scrolls of identify.
  4202 | Ossuary  | 4202 ||| IDENTIFYING clear potion
  4203 | Ossuary  | 4203 ||| DROPPING potion of degeneration.
  4204 | Ossuary  | 4204 ||| DROPPING potion of flight.
  4210 | D:4      | 4210 ||| PLANNING D:1-11
  4314 | D:4      | 4314 ||| INVOKING Heroism.
  4331 | D:4      | Found a snail-covered altar of Cheibriados.
  4350 | D:4      | 4350 ||| Stepping ~*~*~tactically~*~*~ (stealth).
  4355 | D:4      | 4355 ||| INVOKING Heroism.
  4386 | D:4      | 4386 ||| Stepping ~*~*~tactically~*~*~ (stealth).
  4387 | D:4      | 4387 ||| Stepping ~*~*~tactically~*~*~ (stealth).
  4594 | D:4      | 4594 ||| READING scroll labelled ZISTEN ONY.
  4595 | D:4      | 4595 ||| DRINKING 2 red potions.
  4596 | D:4      | 4596 ||| READING 2 scrolls of identify.
  4596 | D:4      | 4596 ||| IDENTIFYING lumpy coppery potion
  4597 | D:4      | 4597 ||| DROPPING potion of brilliance.
  4600 | D:5      | Entered Level 5 of the Dungeon
  4601 | D:5      | 4601 ||| STAIRDANCE
  4607 | D:4      | Reached ** piety under Okawaru
  4630 | D:5      | 4630 ||| Stepping ~*~*~tactically~*~*~ (stealth).
  4631 | D:5      | 4631 ||| Stepping ~*~*~tactically~*~*~ (stealth).
  4654 | D:5      | 4654 ||| INVOKING Heroism.
  4660 | D:5      | Reached skill level 8 in Axes
  4692 | D:5      | 4692 ||| INVOKING Heroism.
  4700 | D:5      | Reached XP level 9. HP: 55/55 MP: 9/12
  4734 | D:5      | Identified the +2 ring mail of Supple Strength {Regen+
                  | Int-5 Slay+5 SInv}
  4748 | D:5      | 4748 ||| Stepping ~*~*~tactically~*~*~ (hiding).
  4781 | D:5      | Reached skill level 6 in Fighting
  4818 | D:5      | Noticed Edmund
  4819 | D:5      | 4819 ||| INVOKING Heroism.
  4830 | D:5      | Killed Edmund
  5199 | D:5      | Found a broken altar of Ashenzari.
  5246 | D:5      | Found Etiurithra's Vocational Training.
  5248 | D:5      | 5248 ||| INVOKING Heroism.
  5252 | D:5      | Reached skill level 1 in Throwing
  5289 | D:5      | 5289 ||| UPGRADING to +2 ring mail of Supple Strength
                  | {Regen+ Int-5 Slay+5 SInv}.
  5299 | D:5      | 5299 ||| DROPPING +0 plate armour.
  5300 | D:5      | 5300 ||| READING scroll labelled PEENIGHA GAMU.
  5301 | D:5      | 5301 ||| READING scroll labelled WELINAO NY OHU.
  5349 | D:6      | Noticed a troll
  5351 | D:6      | 5351 ||| INVOKING Heroism.
  5354 | D:6      | Killed a troll
  5376 | D:6      | Found an opulent altar of Gozag.
  5411 | D:6      | Found an ancient bone altar of Kikubaaqudgha.
  5453 | D:6      | Noticed Prince Ribbit
  5454 | D:6      | 5454 ||| INVOKING Heroism.
  5459 | D:6      | Killed Prince Ribbit
  5480 | D:6      | Found a shadowy altar of Dithmenos.
  5584 | D:6      | 5584 ||| Stepping ~*~*~tactically~*~*~ (stealth).
  5620 | D:6      | 5620 ||| INVOKING Heroism.
  5624 | D:6      | Reached skill level 9 in Axes
  5651 | D:6      | Found a bloodstained altar of Trog.
  5658 | D:6      | 5658 ||| INVOKING Heroism.
  5744 | D:6      | 5744 ||| DROPPING +4 flail.
  5806 | D:6      | Reached *** piety under Okawaru
  5834 | D:6      | Noticed Maggie
  5849 | D:6      | Killed Maggie
  5896 | D:6      | Found Couloogi's Antique Weapon Shoppe.
  6007 | D:6      | Found a stormy altar of Qazlal.
  6041 | D:6      | Found a white marble altar of Elyvilon.
  6180 | D:6      | Reached XP level 10. HP: 62/63 MP: 13/13
  6202 | D:6      | 6202 ||| READING scroll labelled JUEKLE MISK.
  6203 | D:6      | 6203 ||| READING 3 scrolls of identify.
  6203 | D:6      | 6203 ||| IDENTIFYING bubbling silvery potion
  6249 | D:7      | 6249 ||| Stepping ~*~*~tactically~*~*~ (stealth).
  6249 | D:7      | Found a burning altar of Makhleb.
  6257 | D:7      | Reached skill level 10 in Axes
  6263 | D:7      | 6263 ||| Stepping ~*~*~tactically~*~*~ (stealth).
  6279 | D:7      | Reached skill level 3 in Dodging
  6284 | D:7      | Found a staircase to the Ecumenical Temple.
  6305 | D:7      | Reached **** piety under Okawaru
  6319 | D:7      | 6319 ||| Stepping ~*~*~tactically~*~*~ (stealth).
  6400 | D:7      | 6400 ||| READING scroll of enchant weapon.
  6400 | D:7      | 6400 ||| ENCHANTING +1 war axe of venom.
  6408 | D:7      | 6408 ||| INVOKING Heroism.
  6490 | D:7      | Identified the +10 whip of Calamity {vorpal, rC+}
  6543 | D:7      | 6543 ||| INVOKING Heroism.
  6546 | D:7      | 6546 ||| STAIRDANCE
  6559 | D:6      | 6559 ||| UPGRADING to +0 kite shield.
  6569 | D:6      | 6569 ||| DROPPING +0 buckler.
  6570 | D:6      | 6570 ||| READING scroll labelled QUUROWN AZEDIV.
  6574 | D:7      | 6574 ||| STAIRDANCE
  6579 | D:7      | 6579 ||| STAIRDANCE
  6693 | D:7      | Found a radiant altar of Vehumet.
  6748 | D:7      | 6748 ||| Stepping ~*~*~tactically~*~*~ (hiding).
  6751 | D:7      | 6751 ||| INVOKING Heroism.
  6856 | D:8      | 6856 ||| Stepping ~*~*~tactically~*~*~ (hiding).
  6858 | D:8      | 6858 ||| Stepping ~*~*~tactically~*~*~ (hiding).
  6930 | D:8      | 6930 ||| Stepping ~*~*~tactically~*~*~ (stealth).
  6931 | D:8      | Noticed a cyclops
  6932 | D:8      | 6932 ||| Stepping ~*~*~tactically~*~*~ (stealth).
  6934 | D:8      | 6934 ||| INVOKING Heroism.
  6938 | D:8      | Killed a cyclops
  6954 | D:8      | 6954 ||| Stepping ~*~*~tactically~*~*~ (stealth).
  6970 | D:8      | 6970 ||| Stepping ~*~*~tactically~*~*~ (hiding).
  7035 | D:8      | 7035 ||| Stepping ~*~*~tactically~*~*~ (stealth).
  7038 | D:8      | 7038 ||| Stepping ~*~*~tactically~*~*~ (stealth).
  7055 | D:8      | 7055 ||| Stepping ~*~*~tactically~*~*~ (hiding).
  7061 | D:8      | Reached skill level 6 in Shields
  7068 | D:8      | 7068 ||| Stepping ~*~*~tactically~*~*~ (stealth).
  7097 | D:8      | 7097 ||| Stepping ~*~*~tactically~*~*~ (stealth).
  7137 | D:8      | 7137 ||| Stepping ~*~*~tactically~*~*~ (stealth).
  7140 | D:8      | 7140 ||| Stepping ~*~*~tactically~*~*~ (stealth).
  7141 | D:8      | 7141 ||| INVOKING Heroism.
  7148 | D:8      | Reached skill level 6 in Invocations
  7156 | D:8      | 7156 ||| Stepping ~*~*~tactically~*~*~ (cloud).
  7160 | D:8      | 7160 ||| Stepping ~*~*~tactically~*~*~ (stealth).
  7166 | D:8      | 7166 ||| Stepping ~*~*~tactically~*~*~ (hiding).
  7213 | D:8      | Found a hide-covered altar of Uskayaw.
  7242 | D:8      | 7242 ||| READING scroll of brand weapon.
  7242 | D:8      | 7242 ||| BRANDING +2 war axe of venom.
  7243 | D:8      | 7243 ||| DROPPING +0 morningstar.
  7676 | D:8      | 7676 ||| READING 3 scrolls of identify.
  7676 | D:8      | 7676 ||| IDENTIFYING ruby potion
  7734 | D:9      | Found a blossoming altar of Fedhas.
  7734 | D:9      | Identified the +2 leather armour of the Hall of Blades
                  | {Regen+ rCorr}
  7744 | D:9      | 7744 ||| DROPPING +0 vorpal war axe.
  7812 | D:9      | Noticed a two-headed ogre
  7813 | D:9      | 7813 ||| INVOKING Heroism.
  7815 | D:9      | 7815 ||| Stepping ~*~*~tactically~*~*~ (stealth).
  7824 | D:9      | Killed a two-headed ogre
  7824 | D:9      | Received a gift from Okawaru
  7825 | D:9      | Reached XP level 11. HP: 68/68 MP: 14/16
  7825 | D:9      | Reached ***** piety under Okawaru
  7825 | D:9      | Noticed a two-headed ogre
  7827 | D:9      | Killed a two-headed ogre
  7835 | D:9      | 7835 ||| INVOKING Heroism.
  7873 | D:9      | 7873 ||| Stepping ~*~*~tactically~*~*~ (stealth).
  7879 | D:9      | 7879 ||| Stepping ~*~*~tactically~*~*~ (stealth).
  7930 | D:9      | 7930 ||| Stepping ~*~*~tactically~*~*~ (hiding).
  7930 | D:9      | Noticed Erolcha
  7931 | D:9      | 7931 ||| Stepping ~*~*~tactically~*~*~ (hiding).
  7932 | D:9      | 7932 ||| Stepping ~*~*~tactically~*~*~ (hiding).
  7933 | D:9      | 7933 ||| Stepping ~*~*~tactically~*~*~ (hiding).
  7934 | D:9      | 7934 ||| INVOKING Heroism.
  7935 | D:9      | 7935 ||| INVOKING Finesse.
  7946 | D:9      | 7946 ||| Stepping ~*~*~tactically~*~*~ (hiding).
  7953 | D:9      | Killed Erolcha
  8046 | D:9      | 8046 ||| INVOKING Heroism.
  8054 | D:9      | Reached skill level 9 in Shields
  8061 | D:9      | Reached skill level 9 in Invocations
  8129 | D:9      | 8129 ||| INVOKING Heroism.
  8196 | D:9      | 8196 ||| INVOKING Heroism.
  8197 | D:9      | Noticed a two-headed ogre
  8206 | D:9      | Killed a two-headed ogre
  8214 | D:9      | Received a gift from Okawaru
  8223 | D:9      | HP: 17/68 [gnoll sergeant/+2 trident of distortion (3)]
  8224 | D:9      | 8224 ||| READING 3 scrolls of teleportation.
  8279 | D:9      | Noticed a two-headed ogre
  8280 | D:9      | 8280 ||| INVOKING Heroism.
  8291 | D:9      | Killed a two-headed ogre
  8291 | D:9      | Received a gift from Okawaru
  8334 | D:9      | 8334 ||| Stepping ~*~*~tactically~*~*~ (stealth).
  8360 | D:9      | 8360 ||| Stepping ~*~*~tactically~*~*~ (hiding).
  8364 | D:9      | 8364 ||| Stepping ~*~*~tactically~*~*~ (stealth).
  8367 | D:9      | 8367 ||| Stepping ~*~*~tactically~*~*~ (hiding).
  8369 | D:9      | 8369 ||| INVOKING Heroism.
  8412 | D:9      | 8412 ||| Stepping ~*~*~tactically~*~*~ (stealth).
  8414 | D:9      | 8414 ||| Stepping ~*~*~tactically~*~*~ (stealth).
  8423 | D:9      | Reached skill level 11 in Axes
  8461 | D:9      | 8461 ||| Stepping ~*~*~tactically~*~*~ (stealth).
  8463 | D:9      | 8463 ||| INVOKING Heroism.
  8471 | D:9      | Reached XP level 12. HP: 59/73 MP: 17/19
  8497 | D:9      | 8497 ||| INVOKING Heroism.
  8520 | D:9      | 8520 ||| Stepping ~*~*~tactically~*~*~ (stealth).
  8521 | D:9      | 8521 ||| Stepping ~*~*~tactically~*~*~ (stealth).
  8529 | D:9      | 8529 ||| FLEEEEING.
  8530 | D:9      | 8530 ||| FLEEEEING.
  8531 | D:9      | 8531 ||| FLEEEEING.
  8532 | D:9      | 8532 ||| FLEEEEING.
  8533 | D:9      | 8533 ||| FLEEEEING.
  8534 | D:9      | 8534 ||| FLEEEEING.
  8535 | D:9      | 8535 ||| FLEEEEING.
  8536 | D:9      | 8536 ||| FLEEEEING.
  8537 | D:9      | 8537 ||| FLEEEEING.
  8538 | D:9      | 8538 ||| FLEEEEING.
  8539 | D:9      | 8539 ||| FLEEEEING.
  8633 | D:9      | 8633 ||| FLEEEEING.
  8634 | D:9      | 8634 ||| FLEEEEING.
  8635 | D:9      | 8635 ||| FLEEEEING.
  8636 | D:9      | 8636 ||| FLEEEEING.
  8637 | D:9      | 8637 ||| FLEEEEING.
  8713 | D:9      | 8713 ||| Stepping ~*~*~tactically~*~*~ (stealth).
  8733 | D:9      | 8733 ||| Stepping ~*~*~tactically~*~*~ (stealth).
  8768 | D:9      | 8768 ||| Stepping ~*~*~tactically~*~*~ (stealth).
  8769 | D:9      | 8769 ||| Stepping ~*~*~tactically~*~*~ (stealth).
  8776 | D:9      | 8776 ||| INVOKING Heroism.
  8808 | D:9      | Reached skill level 3 in Throwing
  8859 | D:9      | Noticed an ogre mage
  8860 | D:9      | 8860 ||| INVOKING Heroism.
  8871 | D:9      | Killed an ogre mage
  9070 | D:9      | 9070 ||| UPGRADING to amulet of regeneration.
  9075 | D:9      | 9075 ||| READING scroll labelled WITHRUP DYESTY.
  9076 | D:9      | 9076 ||| READING 5 scrolls of identify.
  9076 | D:9      | 9076 ||| IDENTIFYING glowing red potion
  9077 | D:9      | 9077 ||| READING 4 scrolls of identify.
  9077 | D:9      | 9077 ||| IDENTIFYING bubbling purple potion
  9078 | D:9      | 9078 ||| DROPPING potion of invisibility.
  9110 | D:10     | Entered Level 10 of the Dungeon
  9110 | D:10     | You fall into a shaft and drop 2 floors!
  9111 | D:12     | 9111 ||| PLANNING GAUNTLET
  9125 | D:12     | 9125 ||| INVOKING Heroism.
  9177 | D:12     | Found a gate leading to a gauntlet.
  9183 | Gauntlet | Entered a Gauntlet
  9183 | Gauntlet | Found a transporter.
  9183 | Gauntlet | Found a transporter.
  9183 | Gauntlet | Found a transporter.
  9193 | Gauntlet | Found a transporter.
  9196 | Gauntlet | Found a transporter.
  9207 | Gauntlet | Found a transporter.
  9208 | Gauntlet | Found a transporter.
  9215 | Gauntlet | Found a transporter.
  9233 | Gauntlet | Found a transporter.
  9238 | Gauntlet | Found a transporter.
  9240 | Gauntlet | Found a runed translucent door.
  9241 | Gauntlet | Found a transporter.
  9251 | Gauntlet | Found a transporter.
  9399 | Gauntlet | 9399 ||| INVOKING Heroism.
  9404 | Gauntlet | Reached skill level 9 in Fighting
  9421 | Gauntlet | 9421 ||| READING 3 scrolls of identify.
  9421 | Gauntlet | 9421 ||| IDENTIFYING fizzy puce potion
  9469 | Gauntlet | Identified the ring "Tiokamac" {rC- Will+ Str+6}
  9471 | Gauntlet | 9471 ||| UPGRADING to ring "Tiokamac" {rC- Will+ Str+6}.
  9473 | Gauntlet | 9473 ||| UPGRADING to ring of fire.
  9495 | Gauntlet | Noticed a minotaur
  9496 | Gauntlet | 9496 ||| INVOKING Heroism.
  9497 | Gauntlet | 9497 ||| INVOKING Finesse.
  9506 | Gauntlet | Killed a minotaur
  9548 | Gauntlet | Identified the +1 leather armour of Tender Moments {+Inv
                  | rF+ rCorr Slay+2}
  9576 | Gauntlet | 9576 ||| DROPPING ring of wizardry.
  9587 | D:12     | 9587 ||| PLANNING D:1-11
  9635 | D:12     | 9635 ||| Stepping ~*~*~tactically~*~*~ (stealth).
  9701 | D:12     | 9701 ||| Stepping ~*~*~tactically~*~*~ (stealth).
  9703 | D:12     | 9703 ||| Stepping ~*~*~tactically~*~*~ (stealth).
  9726 | D:11     | Reached skill level 12 in Axes
  9731 | D:11     | 9731 ||| Stepping ~*~*~tactically~*~*~ (stealth).
  9732 | D:11     | 9732 ||| Stepping ~*~*~tactically~*~*~ (stealth).
  9735 | D:11     | Received a gift from Okawaru
  9736 | D:11     | 9736 ||| FLEEEEING.
  9737 | D:11     | 9737 ||| STAIRDANCE
  9739 | D:10     | 9739 ||| INVOKING Heroism.
  9836 | D:10     | 9836 ||| INVOKING Heroism.
  9841 | D:10     | 9841 ||| Stepping ~*~*~tactically~*~*~ (stealth).
  9854 | D:10     | 9854 ||| Stepping ~*~*~tactically~*~*~ (stealth).
  9883 | D:10     | 9883 ||| Stepping ~*~*~tactically~*~*~ (stealth).
  9889 | D:10     | 9889 ||| Stepping ~*~*~tactically~*~*~ (stealth).
  9918 | D:10     | 9918 ||| Stepping ~*~*~tactically~*~*~ (hiding).
  9926 | D:10     | 9926 ||| INVOKING Heroism.
  9969 | D:10     | 9969 ||| Stepping ~*~*~tactically~*~*~ (hiding).
  9970 | D:10     | 9970 ||| Stepping ~*~*~tactically~*~*~ (hiding).
  9972 | D:10     | 9972 ||| Stepping ~*~*~tactically~*~*~ (hiding).
  9973 | D:10     | 9973 ||| Stepping ~*~*~tactically~*~*~ (hiding).
 10201 | D:10     | 10201 ||| READING scroll of enchant armour.
 10201 | D:10     | 10201 ||| ENCHANTING +0 pair of gloves.
 10243 | D:10     | 10243 ||| READING scroll of enchant weapon.
 10243 | D:10     | 10243 ||| ENCHANTING +2 war axe of flaming.
 10327 | D:10     | 10327 ||| READING scroll labelled KIETI KOLUIPT.
 10328 | D:10     | 10328 ||| READING 2 scrolls of identify.
 10328 | D:10     | 10328 ||| IDENTIFYING sedimented clear potion
 10329 | D:10     | 10329 ||| DROPPING potion of ambrosia.
 10343 | D:11     | 10343 ||| INVOKING Heroism.
 10355 | D:11     | Reached XP level 13. HP: 82/82 MP: 18/20
 10378 | D:11     | 10378 ||| Stepping ~*~*~tactically~*~*~ (hiding).
 10545 | D:11     | 10545 ||| READING scroll of enchant weapon.
 10545 | D:11     | 10545 ||| ENCHANTING +3 war axe of flaming.
 10564 | D:11     | 10564 ||| Stepping ~*~*~tactically~*~*~ (stealth).
 10565 | D:11     | 10565 ||| Stepping ~*~*~tactically~*~*~ (stealth).
 10571 | D:11     | 10571 ||| INVOKING Heroism.
 10592 | D:11     | Found a staircase to the Lair.
 10626 | D:11     | 10626 ||| Stepping ~*~*~tactically~*~*~ (hiding).
 10627 | D:11     | 10627 ||| Stepping ~*~*~tactically~*~*~ (hiding).
 10856 | D:11     | 10856 ||| Stepping ~*~*~tactically~*~*~ (stealth).
 11012 | D:11     | 11012 ||| Stepping ~*~*~tactically~*~*~ (stealth).
 11026 | D:11     | 11026 ||| Stepping ~*~*~tactically~*~*~ (stealth).
 11086 | D:11     | 11086 ||| Stepping ~*~*~tactically~*~*~ (stealth).
 11087 | D:11     | 11087 ||| INVOKING Heroism.
 11189 | D:11     | 11189 ||| FLEEEEING.
 11190 | D:11     | 11190 ||| FLEEEEING.
 11191 | D:11     | 11191 ||| FLEEEEING.
 11193 | D:11     | 11193 ||| FLEEEEING.
 11194 | D:11     | 11194 ||| FLEEEEING.
 11195 | D:11     | 11195 ||| FLEEEEING.
 11196 | D:11     | 11196 ||| FLEEEEING.
 11197 | D:11     | 11197 ||| FLEEEEING.
 11219 | D:11     | Found a staircase to the Orcish Mines.
 11360 | D:11     | 11360 ||| PLANNING LAIR
 11409 | Lair:1   | Entered Level 1 of the Lair of Beasts
 11428 | Lair:1   | 11428 ||| Stepping ~*~*~tactically~*~*~ (stealth).
 11430 | Lair:1   | 11430 ||| INVOKING Heroism.
 11442 | Lair:1   | 11442 ||| Stepping ~*~*~tactically~*~*~ (stealth).
 11445 | Lair:1   | Received a gift from Okawaru
 11470 | Lair:1   | 11470 ||| Stepping ~*~*~tactically~*~*~ (stealth).
 11650 | Lair:1   | Identified the +5 long sword of the Six Visions {vamp,
                  | *Rage rPois Will- Str+8}
 11710 | Lair:1   | 11710 ||| INVOKING Heroism.
 11955 | Lair:1   | Reached skill level 13 in Axes
 12000 | Lair:1   | Found a frozen archway.
 12001 | Lair:1   | 12001 ||| INVOKING Heroism.
 12309 | Lair:2   | Received a gift from Okawaru
 12338 | Lair:2   | 12338 ||| INVOKING Heroism.
 12363 | Lair:2   | 12363 ||| INVOKING Finesse.
 12364 | Lair:2   | 12364 ||| INVOKING Heroism.
 12372 | Lair:2   | 12372 ||| Stepping ~*~*~tactically~*~*~ (stealth).
 12379 | Lair:2   | Received a gift from Okawaru
 12402 | Lair:2   | Received a gift from Okawaru
 12447 | Lair:2   | Reached skill level 14 in Axes
 12460 | Lair:2   | Identified the +4 scale mail "Kipri" {Will+}
 12461 | Lair:2   | Found a staircase to the Snake Pit.
 12462 | Lair:2   | 12462 ||| Stepping ~*~*~tactically~*~*~ (hiding).
 12640 | Lair:2   | 12640 ||| INVOKING Heroism.
 12724 | Lair:2   | 12724 ||| INVOKING Heroism.
 12726 | Lair:2   | 12726 ||| Stepping ~*~*~tactically~*~*~ (stealth).
 12740 | Lair:2   | Received a gift from Okawaru
 12742 | Lair:2   | Reached skill level 6 in Armour
 12944 | Lair:2   | 12944 ||| Stepping ~*~*~tactically~*~*~ (stealth).
 12980 | Lair:2   | 12980 ||| DROPPING +1 pair of gloves.
 13052 | Lair:3   | 13052 ||| FLEEEEING.
 13172 | Lair:3   | 13172 ||| INVOKING Heroism.
 13173 | Lair:3   | 13173 ||| INVOKING Finesse.
 13184 | Lair:3   | HP: 12/82 [oklob plant/splash of acid (22)]
 13185 | Lair:3   | 13185 ||| READING 6 scrolls of teleportation.
 13185 | Lair:3   | Killed from afar by an oklob plant

Levels and vault maps discovered:
D:1:      reono_arrival_mine, layout_rooms, minmay_pentomino_v4
D:2:      wad_pebble_path, layout_loops_cross, serial_shops, shop,
          minmay_misc_feat_hallway, st_stairs_11, uniq_natasha
D:3:      layout_loops_ring, hangedman_ru_absence, okawaru_trees_2,
          nicolae_tso_swordbearing_angel, nicolae_yredelemnul_corpse_copse,
          shapermc_ecumenical_altar_starsandcircs, uniq_crazy_yiuf_cottage,
          uniq_pargi, uniq_grinder
D:4:      layout_cave_pools, cheibriados_altar_1, nicolae_ossuary_entry_ruins,
          amcnicky_mini_corridor_feature
D:5:      layout_cave_pools, nicolae_ashenzari_panopticon,
          nicolae_shop_vocational, uniq_edmund
D:6:      layout_gridville, kiku_gazebo_garden_becter,
          mainiacjoe_overflow_six_doors_small, grunt_dithmenos_shadows,
          mainiacjoe_overflow_two_lobes, mainiacjoe_overflow_cross_hatched,
          serial_shops, kennysheep_little_box, uniq_maggie, uniq_prince_ribbit1
D:7:      layout_rooms, kennysheep_mini, mainiacjoe_overflow_boulevard,
          minmay_temple_entry_slanted, hangedman_decor_clover_reticule,
          nicolae_grassy_gnolls
D:8:      layout_basic, eat_drink_and_be_merry_uskayaw, serial_curves,
          eino_curves_03, eino_curves_02, grunt_ministairs_2
D:9:      lemuel_castle_with_subvaults [lemuel_castle_interior_carwin_1],
          layout_stronghold, mainiacjoe_overflow_small_starburst,
          grunt_ministairs_2, minmay_circle_x, uniq_erolcha
D:10:     minmay_inner_zag, layout_cross, roderic_batcave
D:11:     layout_loops_ring, david_lair_shrubbed, erik_orc_2
D:12:     layout_small_grid, gauntlet_entry_generic, kb_rosetta
Lair:1:   dreamdust_cave_troll, layout_regular_city, portal_ice_cave_entry_imps,
          small_statue_intersection, serial_bayou_shore_b,
          infiniplex_staircase_pool_2
Lair:2:   layout_roguey, guppyfry_snake_entry_garden
Lair:3:   layout_gridlike, skrybe_swamp_entry_bodies, dpeg_oklob_1

Skill      XL: |  1  2  3  4  5  6  7  8  9 10 11 12 13 |
---------------+----------------------------------------+-----
Axes           | 2 3 4 6 7 8 9 10 11 12 14 | 14.0
Dodging        | 1 2 3 |  3.0
Fighting       | 4 5 7 8 10 | 10.2
Armour         | 4 5 6 |  6.0
Invocations    | 4 7 10 | 10.1
Throwing       | 1 4 5 |  5.0
Shields        | 4 7 9 10 11 | 11.1

Action                   |  1- 3 |  4- 6 |  7- 9 | 10-12 | 13-15 || total
-------------------------+-------+-------+-------+-------+-------++-------
Melee: War axe           |    83 |    75 |   303 |   522 |   214 ||  1197
Throw: Boomerang         |       |       |    21 |    84 |    22 ||   127
       Javelin           |       |       |       |    18 |    36 ||    54
Invok: Heroism           |       |       |    11 |    24 |    10 ||    45
       Finesse           |       |       |       |     2 |     2 ||     4
  Use: Scroll            |     3 |     2 |    12 |    15 |     2 ||    34
       Potion            |       |       |     2 |       |       ||     2
Armor: Scale mail        |    46 |    41 |    48 |       |       ||   135
       Plate armour      |       |       |   104 |       |       ||   104
       Ring mail         |       |       |    18 |   186 |    58 ||   262
Dodge: Dodged            |    37 |    29 |    97 |   215 |    54 ||   432
Block: Buckler           |    17 |    16 |    66 |    10 |       ||   109
       Kite shield       |       |       |       |   266 |    62 ||   328

Table legend:
 A = Non-vault XP
 B = Vault XP
 C = Vault XP percentage of total XP
 D = Non-vault monster count
 E = Vault monster count
 F = Vault count percentage of total count
                 A         B        C        D         E       F
            +---------+---------+-------+---------+---------+-------
      Total |   27777 |   21619 |  43.8 |     284 |     179 |  38.7
            +---------+---------+-------+---------+---------+-------
        D:1 |      19 |       8 |  29.6 |      10 |       4 |  28.6
        D:2 |     133 |      48 |  26.5 |      26 |       4 |  13.3
        D:3 |     118 |     436 |  78.7 |      24 |       6 |  20.0
        D:4 |     669 |       0 |   0.0 |      28 |       0 |   0.0
        D:5 |     647 |     164 |  20.2 |      17 |       1 |   5.6
        D:6 |    1322 |     673 |  33.7 |      24 |       3 |  11.1
        D:7 |    1477 |      81 |   5.2 |      26 |       4 |  13.3
        D:8 |    1848 |     551 |  23.0 |      24 |       2 |   7.7
        D:9 |    1553 |   11822 |  88.4 |       8 |      67 |  89.3
       D:10 |    2441 |    1144 |  31.9 |      29 |      16 |  35.6
       D:11 |    2431 |    1406 |  36.6 |      21 |      18 |  46.2
       D:12 |    2002 |       0 |   0.0 |       8 |       0 |   0.0
     Lair:1 |    3258 |     875 |  21.2 |      13 |      13 |  50.0
     Lair:2 |    9404 |     178 |   1.9 |      24 |       1 |   4.0
     Lair:3 |     455 |       0 |   0.0 |       2 |       0 |   0.0
    Ossuary |       0 |     619 | 100.0 |       0 |      21 | 100.0
   Gauntlet |       0 |    3614 | 100.0 |       0 |      19 | 100.0
            +---------+---------+-------+---------+---------+-------
